 Dungeon Crawl Stone Soup version 0.27-a0-1245-g940ed4fa31 (webtiles) character file.

Game seed: 7939885456809893032

1278 Ge0ff the Chopper (level 8, -3/72 HPs)
             Began as a Deep Dwarf Fighter on June 9, 2021.
             Was a Believer of Okawaru.
             Slain by a two-headed ogre
             ... wielding a +0 giant club
              (13 damage)
             ... on level 8 of the Dungeon.
             The game lasted 00:11:39 (864 turns).

Ge0ff the Chopper (Deep Dwarf Fighter)               Turns: 864, Time: 00:11:39

Health: -3/72      AC: 11    Str: 20    XL:     8   Next: 29%
Magic:  6/8        EV:  9    Int:  9    God:    Okawaru [**....]
Gold:   74         SH: 12    Dex: 14    Spells: 7/7 levels left

rFire    . . .     SeeInvis .   a - +0 war axe
rCold    . . .     Faith    .   c - +0 kite shield
rNeg     . . .     Spirit   .   T - +0 chain mail
rPois    .         Reflect  .   (no helmet)
rElec    .         Harm     .   (no cloak)
rCorr    .         Rampage  .   (no gloves)
Will     +....                  (no boots)
Stlth    ..........             (no amulet)
HPRegen  0.00/turn              P - ring of flight
MPRegen  0.11/turn              (no ring)

@: heroic, flying
A: damage resistance, heal wounds, sense surroundings 1, no regeneration
a: Heal Wounds, Renounce Religion, Heroism


You were on level 8 of the Dungeon.
You worshipped Okawaru.
Okawaru was pleased with you.
You visited 2 branches of the dungeon, and saw 9 of its levels.

You collected 74 gold pieces.

Inventory:

Hand Weapons
 a - a +0 war axe (weapon)
 O - a +0 flail
 U - the +2 quarterstaff of Valiance {protect, rPois rN+}
   (You found it on level 7 of the Dungeon)

   It grants its wielder temporary protection when it strikes (+7 to AC).
   It protects you from poison.
   It protects you from negative energy.
Armour
 b - a +0 scale mail
 c - a +0 kite shield (worn)
 T - a +0 chain mail (worn)
Jewellery
 P - a ring of flight (left hand)
Scrolls
 m - a scroll of magic mapping
 R - a scroll of identify
 S - a scroll of summoning {unknown}
Potions
 Q - 2 potions of mutation {!q}


   Skills:
 - Level 4.0(9.0) Fighting
 + Level 7.8(12.8) Axes
 - Level 5.0(10.0) Armour
 - Level 2.0(7.0) Dodging
 - Level 5.0(10.0) Shields
 - Level 5.0 Invocations


You had 7 spell levels left.
You didn't know any spells.
Your spell library contained the following spells:

 Spells                   Type           Power      Damage    Failure   Level
 Beastly Appendage        Tmut           0%         N/A       99%         1
 Wereblood                Tmut           0%         N/A       100%        2
 Spider Form              Tmut/Pois      0%         N/A       100%        3
 Ice Form                 Ice/Tmut       0%         N/A       100%        4


Dungeon Overview and Level Annotations

Branches:
Dungeon (8/15)             Temple (1/1) D:5
   Lair: D:8-11

Altars:
Ashenzari
Cheibriados
Dithmenos
Fedhas
Gozag
Nemelex Xobeh
Okawaru
Trog
Uskayaw
Vehumet
Wu Jian
Xom
Yredelemnul
Zin
The Shining One


Innate Abilities, Weirdness & Mutations

You are resistant to damage.
You can heal yourself by infusing magical energy.
You passively map a small area around you.
You do not regenerate.


Message History

There is a stone staircase leading down here.
You fly downwards.
There is a stone staircase leading up here.
A centaur zombie comes into view.
You feel like a meek peon again.
You slash the centaur zombie!
The centaur zombie is moderately damaged.
The centaur zombie hits you.
The centaur zombie kicks you but does no damage.
The centaur zombie hits you. The centaur zombie barely misses you.
You slash the centaur zombie!
The centaur zombie is severely damaged.
You block the centaur zombie's attack.
The centaur zombie kicks you but does no damage.
You slash the centaur zombie!
You destroy the centaur zombie!
Okawaru accepts your kill.
Found 15 sling bullets.
Found a stone staircase leading up.
Found an iron wand.
A two-headed ogre comes into view. It is wielding two +0 giant clubs.
The two-headed ogre shouts in stereo!
You hear a shout!
An orc comes into view. It is wielding a +0 club.
Use which ability? (? or * to list)
You gain the combat prowess of a mighty hero.
The two-headed ogre hits you with a +0 giant club.
The two-headed ogre hits you but does no damage.
You completely miss the two-headed ogre.
You slash the two-headed ogre!
The two-headed ogre is lightly wounded.
The two-headed ogre hits you with a +0 giant club!!
The two-headed ogre hits you with a +0 giant club.
You slash the two-headed ogre!
The two-headed ogre is moderately wounded.
The two-headed ogre hits you with a +0 giant club!
You block the two-headed ogre's attack.
You slash the two-headed ogre!
The two-headed ogre is heavily wounded.
Your chain mail prevents you from hitting the two-headed ogre.
The two-headed ogre is heavily wounded.
You block the two-headed ogre's attack. The two-headed ogre closely misses you.
You hit the two-headed ogre but do no damage.
The two-headed ogre is heavily wounded.
The two-headed ogre hits you with a +0 giant club!!
* * * LOW HITPOINT WARNING * * *
You block the two-headed ogre's attack.
You slash the two-headed ogre!
The two-headed ogre is severely wounded.
The two-headed ogre hits you with a +0 giant club!
You die...

.... *......, * * ......,
, ......, , ## .... , ..
* ######o., , * #. *
#....O#* * *** *#.
#####..(@.##############.
.../.<...................
#####.....##############.
#.....# , ,, ,.....#. ,
#.....# #....... #.....#
#.###.#. #####.. * * #.#.
#... * # #. #.... #.


You could see a two-headed ogre and an orc.

Vanquished Creatures
  Prince Ribbit (D:7)
  Duvessa (D:6)
  An ice beast (D:6)
  2 sky beasts
  An ogre (D:5)
  A centaur (D:7)
  A scorpion (D:6)
  Dowan (D:6)
  A wyvern skeleton (D:7)
  3 wights (D:4)
  2 centaur zombies
  An orc priest (D:5)
  2 hounds
  An orc wizard (D:7)
  3 gnolls (D:5)
  3 adders (D:3)
  A shadow imp (D:6)
  2 dart slugs (D:1)
  9 orcs
  6 endoplasms
  4 giant cockroaches
  2 goblins
  3 hobgoblins
  2 quokkas
  3 ball pythons
  A bat (D:3)
  A frilled lizard (D:3)
  7 kobolds
  3 rats
69 creatures vanquished.

Vanquished Creatures (others)
  2 plants (D:6)
2 creatures vanquished.

Grand Total: 71 creatures vanquished

Notes
Turn   | Place    | Note
-------+----------+-------------------------------------------
     0 | D:1      | Ge0ff the Deep Dwarf Fighter began the quest for the Orb.
     0 | D:1      | Reached XP level 1. HP: 20/20 MP: 1/1
    27 | D:1      | Reached skill level 1 in Dodging
    54 | D:1      | Reached XP level 2. HP: 22/27 MP: 2/2
    66 | D:2      | Reached skill level 3 in Axes
   125 | D:4      | Found a glowing silver altar of Zin.
   126 | D:4      | Noticed an angel
   156 | D:4      | Noticed a wight
   160 | D:4      | Killed a wight
   161 | D:4      | Reached skill level 4 in Axes
   161 | D:4      | Reached XP level 3. HP: 20/33 MP: 3/3
   170 | D:4      | Reached skill level 5 in Axes
   170 | D:4      | Reached XP level 4. HP: 13/38 MP: 3/3
   171 | D:4      | Reached XP level 5. HP: 16/49 MP: 4/4
   317 | D:4      | Reached skill level 6 in Axes
   342 | D:5      | Entered Level 5 of the Dungeon
   346 | D:5      | Noticed an ogre
   354 | D:5      | Killed an ogre
   355 | D:5      | Reached XP level 6. HP: 41/56 MP: 5/5
   395 | D:5      | Found a staircase to the Ecumenical Temple.
   401 | Temple   | Entered the Ecumenical Temple
   450 | Temple   | Became a worshipper of Warmaster Okawaru
   582 | D:6      | Noticed a sky beast
   585 | D:6      | Noticed an ice beast
   585 | D:6      | Noticed Dowan
   590 | D:6      | Noticed Duvessa
   611 | D:6      | Killed an ice beast
   612 | D:6      | Reached skill level 1 in Invocations
   635 | D:6      | Killed Duvessa
   635 | D:6      | Reached * piety under Okawaru
   636 | D:6      | Reached skill level 7 in Axes
   636 | D:6      | Reached XP level 7. HP: 19/62 MP: 4/6
   648 | D:6      | Killed Dowan
   701 | D:7      | Reached skill level 5 in Invocations
   744 | D:7      | Reached ** piety under Okawaru
   745 | D:7      | Reached XP level 8. HP: 42/72 MP: 9/9
   772 | D:7      | Identified the +2 quarterstaff of Valiance {protect, rPois
                  | rN+}
   789 | D:7      | Noticed Prince Ribbit
   821 | D:7      | Killed Prince Ribbit
   822 | D:7      | Reached skill level 5 in Armour
   822 | D:7      | Reached skill level 5 in Shields
   855 | D:8      | Noticed a two-headed ogre
   864 | D:8      | Slain by a two-headed ogre

Illustrated notes

Levels and vault maps discovered:
D:1:      matt_arrival_grand_opening, layout_basic
D:2:      layout_loops_ring, serial_shops, shop
D:3:      minmay_octagon_keep, layout_loops_corners, elyvilon_altar_1,
          uniq_sigmund
D:4:      layout_loops_ring, zin_angel, kennysheep_generic_room_10,
          uniq_grinder, uniq_natasha, uniq_edmund
D:5:      layout_basic, nicolae_overflow_hidden_temple,
          minmay_temple_entry_hall, chequers_big_river
D:6:      layout_basic, serial_bayou_pond_b, uniq_blork_the_orc, uniq_duvessa
D:7:      layout_basic, nicolae_qazlal_eye_of_the_storm, general_overflow_altar,
          minmay_fire_ice_demons, uniq_prince_ribbit1
D:8:      layout_basic, nicolae_hepliaklqana_hippocampus,
          erik_lair_orcish_takeover, uniq_erica, uniq_psyche, uniq_maggie,
          uniq_pikel
Temple:   eino_temple_water

Skill      XL: |  1  2  3  4  5  6  7  8 |
---------------+-------------------------+-----
Dodging        | 1 2 |  2.0
Axes           | 4 5 6 7 |  7.8
Fighting       | 3 4 |  4.0
Armour         | 4 5 |  5.0
Shields        | 4 5 |  5.0
Invocations    | 1 5 |  5.0

Action                   |  1- 3 |  4- 6 |  7- 9 || total
-------------------------+-------+-------+-------++-------
Melee: War axe           |    51 |   115 |    59 ||   225
Invok: Heroism           |       |       |     2 ||     2
 Abil: Heal Wounds       |     3 |     9 |     6 ||    18
  Use: Potion            |     1 |     1 |       ||     2
       Scroll            |       |       |     2 ||     2
Armor: Scale mail        |    22 |    62 |    15 ||    99
       Chain mail        |       |       |     4 ||     4
Dodge: Dodged            |    16 |    56 |    16 ||    88
Block: Kite shield       |    24 |    89 |    33 ||   146

Table legend: (Time is in decaauts)
 A = Elapsed time spent in this place.
 B = Non-inter-level travel time spent in this place.
 C = Inter-level travel time spent in this place.
 D = Time resting spent in this place.
 E = Time spent auto-exploring this place.
 F = Levels seen in this place.
 G = Mean time per level.
                   A        B        C        D        E       F      G
               +--------+--------+--------+--------+--------+-----+--------+
         Total |    958 |    918 |     40 |      0 |      0 |   9 |  106.4 |
       Dungeon |    891 |    873 |     18 |      0 |      0 |   8 |  111.4 |
        Temple |     66 |     44 |     22 |      0 |      0 |   1 |   66.0 |
               +--------+--------+--------+--------+--------+-----+--------+

Top non-repeatable levels by time:
     D:6: 177 daAuts
     D:4: 164 daAuts
     D:7: 148 daAuts
     D:5: 141 daAuts
     D:3: 108 daAuts
     D:1: 99 daAuts
  Temple: 66 daAuts
     D:8: 34 daAuts
     D:2: 16 daAuts
